 Dungeon Sprint DCSS version 0.28-a0-1142-gc8569940dd (webtiles) character file.

Game seed: 3621033874402231328

190 MordorOrchid the Ruffian (level 5, -5/55 HPs)
             Began as a Troll Air Elementalist on Dec 13, 2021.
             Was an Initiate of Sif Muna.
             Engulfed by a steam dragon's steam (11 damage)
             ... in the Dungeon (Sprint IX: "|||||||||||||||||||||||||||||").
             The game lasted 00:03:03 (109 turns).

MordorOrchid the Ruffian (Troll Air Elementalist)    Turns: 109, Time: 00:03:04

Health: -5/55      AC:  4    Str: 19    XL:     5   Next: 41%
Magic:  5/5        EV: 12    Int: 13    God:    Sif Muna [......]
Gold:   0          SH:  0    Dex: 10    Spells: 1/6 levels left

rFire   . . .      SeeInvis .     - Unarmed
rCold   . . .      Faith    .   (no shield)
rNeg    . . .      Spirit   .   a - +0 robe
rPois   .          Reflect  .   (helmet restricted)
rElec   .          Harm     .   (no cloak)
rCorr   .          Rampage  .   (gloves unavailable)
Will    .....      NoTele   +   (boots unavailable)
Stlth   +.........              (no amulet)
HPRegen 0.98/turn               o - +2 ring of evasion
MPRegen 0.09/turn               p - +3 ring of strength

@: invisible
A: large, unfitting armour, claws 3, regeneration 1, shaggy fur 1, tough skin 1
a: Renounce Religion


You were in the Dungeon.
You worshipped Sif Muna.
Sif Muna was noncommittal.
You visited 1 branch

Inventory:

Hand Weapons
 j - a +1 broad axe of freezing
 k - a +2 halberd of venom
 l - the +7 lajatang of Order {silver, rMut}
   (You found it in the Dungeon)

   It inflicts extra damage upon those it strikes, and deals substantially
   increased damage to chaotic, mutated and magically transformed beings.
   rMut:      It protects you from mutation.
 m - a +2 rapier of electrocution
 n - a +2 scimitar of holy wrath
Armour
 a - a +0 robe (worn)
Jewellery
 o - a +2 ring of evasion (left claw)
 p - a +3 ring of strength (right claw)
Wands
 i - a wand of acid (10)
Scrolls
 g - 2 scrolls of blinking
 h - 2 scrolls of amnesia
Potions
 b - 5 potions of curing
 c - 3 potions of heal wounds
 e - 4 potions of magic
 f - a potion of berserk rage


   Skills:
 - Level 4.6 Fighting
 - Level 4.5 Dodging
 - Level 1.0 Stealth
 - Level 5.5 Unarmed Combat
 - Level 1.2 Spellcasting
 - Level 0.6 Conjurations
 - Level 2.0 Air Magic
 + Level 4.2 Evocations


You had one spell level left.
You knew the following spells:

 Your Spells              Type           Power      Damage    Failure   Level
a - Shock                 Conj/Air       16%        1d4       16%         1
b - Airstrike             Air            3%         N/A       77%         4

Your spell library contained the following spells:

 Spells                   Type           Power      Damage    Failure   Level
 Static Discharge         Conj/Air       4%         N/A       24%         2
 Swiftness                Air            6%         N/A       36%         3


Dungeon Overview and Level Annotations

Branches:
Dungeon (1/1)

Altars:
Cheibriados
Dithmenos
Elyvilon
Fedhas
Gozag
Hepliaklqana
Kikubaaqudgha
Makhleb
Nemelex Xobeh
Okawaru
Qazlal
Ru
Sif Muna
Trog
Uskayaw
Vehumet
Wu Jian
Xom
Yredelemnul
Zin
The Shining One
Beogh
Jiyva
Lugonu


Innate Abilities, Weirdness & Mutations

You are too large for most types of armour.
You have claws for hands.
Your natural rate of healing is unusually fast.
You are covered in fur. (AC +1)
You have tough skin. (AC +1)


Message History

You completely miss the gnoll shaman.
The gnoll shaman is moderately wounded.
The gnoll shaman hits you with a +0 whip!
You scratch the gnoll shaman.
The gnoll shaman is heavily wounded.
The gnoll shaman completely misses you.
You claw the gnoll shaman!
You kill the gnoll shaman!
Sif Muna accepts your kill.
Your Evocations skill gained 2 levels and is now at level 2!
You have reached level 5!
Okay, then.
Unknown command.
You scratch the howler monkey.
The howler monkey is moderately wounded.
The howler monkey hits you.
You claw the howler monkey!
The howler monkey is almost dead.
The howler monkey hoots and howls with incredible vigour!
You claw the howler monkey!
You kill the howler monkey!
Sif Muna accepts your kill.
You are no longer glowing.
Your Evocations skill gained 2 levels and is now at level 4!
You scratch the steam dragon but do no damage.
The steam dragon breathes steam at you. The ball of steam hits you!
Unknown command.
You scratch the steam dragon.
The steam dragon is lightly wounded.
The steam dragon closely misses you. The steam dragon misses you.
You closely miss the steam dragon.
The steam dragon is lightly wounded.
* * * LOW HITPOINT WARNING * * *
The steam dragon bites you!
* * * LOW HITPOINT WARNING * * *
The steam dragon barely misses you.
You barely miss the steam dragon.
The steam dragon is lightly wounded.
You die...

▓.▓
▓.▓
▓)▓
▓.▓
▓[▓
▓[▓
▓§▓
▓§▓
▓@▓
▓D▓
▓W▓
▓Z▓
▓Z▓
▓.▓
▓.▓
▓.▓


You could see a wraith, a steam dragon and 2 bat zombies.

Vanquished Creatures
  A scorpion (D)
  A howler monkey (D)
  A gnoll shaman (D)
  A hound (D)
  An iguana (D)
  An adder zombie (D)
  A goblin (D)
  A hobgoblin (D)
  A ball python skeleton (D)
  2 bats (D)
  A frilled lizard (D)
12 creatures vanquished.

Notes
Turn   | Place    | Note
-------+----------+-------------------------------------------
     0 | D        | MordorOrchid the Troll Air Elementalist began the quest for
                  | the Orb.
     0 | D        | Reached XP level 1. HP: 16/16 MP: 1/1
     6 | D        | Reached skill level 1 in Fighting
     6 | D        | Reached skill level 1 in Unarmed Combat
    14 | D        | Reached skill level 2 in Unarmed Combat
    22 | D        | Noticed a hound
    22 | D        | Noticed an iguana
    22 | D        | Noticed a scorpion
    26 | D        | Reached XP level 2. HP: 28/28 MP: 2/2
    29 | D        | Reached skill level 3 in Unarmed Combat
    29 | D        | Reached XP level 3. HP: 37/37 MP: 3/3
    35 | D        | Reached skill level 4 in Unarmed Combat
    39 | D        | Killed a scorpion
    40 | D        | Reached skill level 5 in Unarmed Combat
    40 | D        | Reached XP level 4. HP: 25/49 MP: 4/4
    44 | D        | Found a snail-covered altar of Cheibriados.
    44 | D        | Found a shadowy altar of Dithmenos.
    44 | D        | Found a white marble altar of Elyvilon.
    44 | D        | Found a blossoming altar of Fedhas.
    44 | D        | Found an opulent altar of Gozag.
    45 | D        | Found a hazy altar of Hepliaklqana.
    46 | D        | Found a viscous altar of Jiyva.
    47 | D        | Found an ancient bone altar of Kikubaaqudgha.
    48 | D        | Found a corrupted altar of Lugonu.
    49 | D        | Found a burning altar of Makhleb.
    50 | D        | Found a sparkling altar of Nemelex Xobeh.
    51 | D        | Found an iron altar of Okawaru.
    52 | D        | Found a stormy altar of Qazlal.
    53 | D        | Found a sacrificial altar of Ru.
    54 | D        | Found a shimmering blue altar of Sif Muna.
    55 | D        | Found a bloodstained altar of Trog.
    56 | D        | Found a hide-covered altar of Uskayaw.
    57 | D        | Found a radiant altar of Vehumet.
    58 | D        | Found an ornate altar of the Wu Jian Council.
    59 | D        | Found a shimmering altar of Xom.
    60 | D        | Found a basalt altar of Yredelemnul.
    61 | D        | Found a glowing silver altar of Zin.
    62 | D        | Became a worshipper of Sif Muna the Loreminder
    63 | D        | Found a glowing golden altar of the Shining One.
    71 | D        | Found the +7 lajatang of Order {silver, rMut}
    95 | D        | Learned a level 4 spell: Airstrike
    96 | D        | Noticed a steam dragon
    96 | D        | Noticed a wraith
   103 | D        | Reached XP level 5. HP: 44/55 MP: 5/5
   109 | D        | Engulfed by a steam dragon's steam

Illustrated notes

Levels and vault maps discovered:
D:        linesprint [early_d, line_temple, items_1, d_10, items_2, lair_1,
          lair_end, items_3, orc_1, orc_end, items_4, d_15, swamp_1, shoals_1,
          snake_1, spider_1, d_20, vaults_1, items_5, swamp_end, shoals_end,
          snake_end, spider_end, vaults_end, d_27, items_6, zot_1, zot_end,
          crypt_end, forest_end, elf_end, slime_end, tomb_end, abyss_end,
          pan_hell_end]

Skill      XL: |  1  2  3  4  5 |
---------------+----------------+-----
Fighting       | 2 3 4 |  4.6
Unarmed Combat | 2 3 5 |  5.5
Dodging        | 3 4 |  4.5
Evocations     | 2 4 |  4.2
Stealth        | |  1.0
Spellcasting   | |  1.2
Conjurations   | |  0.6
Air Magic      | |  2.0

Action                   |  1- 3 |  4- 6 || total
-------------------------+-------+-------++-------
Melee: Unarmed           |    20 |    13 ||    33
 Cast: Shock             |     1 |       ||     1
  Use: Potion            |     1 |     1 ||     2
Armor: Robe              |     5 |       ||     5
Dodge: Dodged            |     5 |     5 ||    10

Table legend: (Time is in decaauts)
 A = Elapsed time spent in this place.
 B = Non-inter-level travel time spent in this place.
 C = Inter-level travel time spent in this place.
 D = Time resting spent in this place.
 E = Time spent auto-exploring this place.
 F = Levels seen in this place.
 G = Mean time per level.
                   A        B        C        D        E       F      G
               +--------+--------+--------+--------+--------+-----+--------+
         Total |     88 |     88 |      0 |      0 |      0 |   1 |   88.0 |
       Dungeon |     88 |     88 |      0 |      0 |      0 |   1 |   88.0 |
               +--------+--------+--------+--------+--------+-----+--------+

Top non-repeatable levels by time:
       D: 88 daAuts
